 Dungeon Crawl Stone Soup version 0.30.1-8-g117510f58f (webtiles) character file.

Game seed: 5338304295694112497

5 growler the Gusty (level 1, 0/10 HPs)
             Began as a Tengu Air Elementalist on Sept 23, 2023.
             Slain by a jackal (1 damage)
             ... on level 1 of the Dungeon.
             The game lasted 00:00:38 (103 turns).

growler the Gusty (Tengu Air Elementalist)           Turns: 103, Time: 00:00:39

Health: 0/10       AC:  2    Str:  8    XL:     1   Next: 80%
Magic:  0/4        EV: 12    Int: 15    God:
Gold:   0          SH:  0    Dex: 14    Spells: 3/4 levels left

rFire   . . .        (no weapon)
rCold   . . .        (no shield)
rNeg    . . .        a - +0 robe
rPois   .            (helmet restricted)
rElec   .            (no cloak)
rCorr   .            (no gloves)
SInv    .            (boots unavailable)
Will    .....        (no amulet)
Stlth   ++           (no ring)
HPRegen 0.21/turn    (no ring)
MPRegen 0.09/turn

%: no passive effects
@: no status effects
A: beak, talons 3
a: no special abilities


You were on level 1 of the Dungeon.
You visited 1 branch of the dungeon, and saw 1 of its levels.

Inventory:

Armour
 a - a +0 robe (worn)
Potions
 b - a potion of magic


   Skills:
 - Level 2.1 Dodging
 - Level 2.0 Stealth
 + Level 2.1 Spellcasting
 + Level 1.8 Conjurations
 + Level 4.2 Air Magic


You had 3 spell levels left.
You knew the following spells:

 Your Spells              Type           Power      Damage    Failure   Level
a - Shock                 Conj/Air       40%        1d5       6%          1

Your spell library contained the following spells:

 Spells                   Type           Power      Damage    Failure   Level
 Static Discharge         Conj/Air       20%        2-3/arc   10%         2
 Swiftness                Air            14%        N/A       12%         3
 Airstrike                Air            7%         2d(1-17)  36%         4


Dungeon Overview and Level Annotations

Branches:
Dungeon (1/15)

Altars:


Innate Abilities, Weirdness & Mutations

You have a beak for a mouth.
You have claws for feet.


Message History

You completely miss the jackal.
The jackal is lightly wounded.
The jackal misses you.
You barely miss the jackal. Your kick misses the jackal. The jackal bites you.
You are too injured to fight recklessly!
You are too injured to fight recklessly!
You are too injured to fight recklessly!
You are too injured to fight recklessly!
You are too injured to fight recklessly!
You hit the jackal.
The jackal is lightly wounded.
The jackal bites you.
* * * LOW HITPOINT WARNING * * *
The jackal closely misses you.
You closely miss the jackal. Your kick misses the jackal.
The jackal is lightly wounded.
The jackal misses you.
You closely miss the jackal. You claw the jackal, but do no damage.
Your peck misses the jackal.
The jackal is lightly wounded.
The jackal bites you.
* * * LOW HITPOINT WARNING * * *
The jackal misses you.
You are too injured to fight recklessly!
Casting: Shock (safe; 6% risk of failure)
Confirm with . or Enter, or press ? or * to list all spells.
Aiming: Shock (safe; 6% risk of failure)
Press: ? - help, Shift-Dir - straight line, f/p - jackal
Aim: a jackal (lightly wounded, 60% to hit)
The zap hits the jackal.
The jackal is heavily wounded.
The jackal barely misses you.
You hit the jackal.
The jackal is almost dead.
The jackal closely misses you.
You barely miss the jackal.
The jackal is almost dead.
The jackal bites you but does no damage.
The jackal bites you.
You die...

#.#..# #.#..# #.#..#
#.#..# #.#..# #.#..#
#.#..#
###.#..############.#
#..............@h...#
##.######.########.###
#..###.†..# #
.....#...h#
.......#....h...h
#####......#..... #
####.... .h.. ###...
#.. .... .


You could see a jackal.

Vanquished Creatures
  A giant cockroach (D:1)
  3 jackals (D:1)
4 creatures vanquished.

Notes
Turn   | Place    | Note
-------+----------+-------------------------------------------
     0 | D:1      | growler the Tengu Air Elementalist began the quest for the
                  | Orb.
     0 | D:1      | Reached XP level 1. HP: 10/10 MP: 4/4
   103 | D:1      | Slain by a jackal

Illustrated notes

Levels and vault maps discovered:
D:1:      elethiomel_arrival_infinity_welcomes_careful_drivers, layout_basic,
          serial_shops, shop, shapermc_ecumenical_altar_starsandcircs,
          chequers_serial_rivers_micro_a, dreamdust_princess_corridor,
          minmay_pentomino_o4

Action                     || total
---------------------------++-------
  Melee: Unarmed           ||    14
         Kick              ||     3
         Peck              ||     3
   Cast: Shock             ||    10
 Armour: Robe              ||     4
  Dodge: Dodged            ||    16
